 Dungeon Crawl Stone Soup version 0.22.0-38-g04b72b8 (webtiles) character file.

131 Usury the Grave Robber (level 5, -1/40 (41) HPs)
             Began as a Ghoul Necromancer on Aug 28, 2018.
             Slain by Edmund
             ... wielding a +0 flail of crushing
              (3 damage)
             ... on level 3 of the Dungeon.
             The game lasted 00:06:19 (2993 turns).

Usury the Grave Robber (Ghoul Necromancer)          Turns: 2993, Time: 00:06:19

HP:   -1/40 (41)    AC:  3    Str: 12    XL:     5   Next: 14%
MP:   2/7           EV: 12    Int: 11    God:
Gold: 128           SH:  0    Dex:  9    Spells: 6/8 levels left

rFire    . . .     SeeInvis .     - Unarmed
rCold    + + .     Gourm    .   (no shield)
rNeg     + + +     Faith    .   a - +0 robe
rPois    ∞         Spirit   .   k - +0 hat
rElec    .         Reflect  .   (no cloak)
rCorr    .         Harm     .   (no gloves)
MR       .....                  p - +0 pair of boots
Stlth    ++........             l - amulet of the acrobat
HPRegen  0.00/turn              e - ring of protection from cold
MPRegen  0.10/turn              (no ring)

@: rotting
A: rotting body, claws 1, carnivore, cold resistance 1, negative energy
resistance 3, inhibited regeneration, torment resistance, unbreathing
a: no special abilities


You were on level 3 of the Dungeon.
You were not hungry.

You visited 1 branch of the dungeon, and saw 4 of its levels.

You collected 128 gold pieces.

Inventory:

Armour
 a - a +0 robe (worn)
 k - a +0 hat (worn)
 p - a +0 pair of boots (worn)
Jewellery
 e - a ring of protection from cold (left claw)
 l - an amulet of the acrobat (around neck)
Scrolls
 b - a scroll of amnesia
 m - a scroll of remove curse
 q - a scroll of fog {unknown}
Potions
 f - a potion of brilliance {unknown}
 g - a potion of heal wounds
 h - a potion of flight {unknown}
 j - 2 potions of degeneration {unknown}
 n - a potion of curing {unknown}
 o - 2 potions of mutation {unknown}
Comestibles
 c - 7 rations


   Skills:
 + Level 1.7 Fighting
 + Level 1.4 Armour
 + Level 2.5 Dodging
 - Level 2.1 Stealth
 + Level 1.7 Unarmed Combat
 + Level 2.4 Spellcasting
 + Level 4.4 Necromancy


You had 6 spell levels left.
You knew the following spells:

 Your Spells              Type           Power        Failure   Level  Hunger
a - Pain                  Necr           ##..         4%          1    ##.....
b - Animate Skeleton      Necr           N/A          4%          1    ##.....

Your spell library contained the following spells:

 Spells                   Type           Power        Failure   Level  Hunger
 Vampiric Draining        Necr           ##........   14%         3    ####...
 Regeneration             Chrm/Necr      #.........   34%         3    ####...
 Animate Dead             Necr           N/A          41%         4    #####..


Dungeon Overview and Level Annotations

Branches:
Dungeon (4/15)
 Temple: D:4-7

Altars:
Ru
Sif Muna

Annotations:
D:3 Edmund


Innate Abilities, Weirdness & Mutations

Your body is rotting away.
You thrive on raw meat.
You are immune to poison.
You have sharp fingernails.
You are carnivorous and can eat meat at any time.
Your flesh is cold resistant. (rC+)
You are immune to negative energy. (rN+++)
You do not regenerate when monsters are visible.
You are immune to unholy pain and torment.
You can survive without breathing.


Message History

There is a stone staircase leading down here.
Edmund says, "A flail is better than a scythe, any day of the week!"
Casting: Pain (safe; 4% risk of failure)
Confirm with . or Enter, or press ? or * to list all spells.
Aiming: Pain (safe; 4% risk of failure)
Press: ? - help, Shift-Dir - straight line, f/p - Edmund
Aim: Edmund, wielding a flail of crushing and wearing a chain mail (heavily wounded, chance to defeat MR: 66%) Edmund writhes in agony!
Edmund says, "People think my brother is the best.
I think he's crazy."
Edmund says, "People accused me of being a cutpurse!"
Edmund misses you.
Casting: Pain (safe; 4% risk of failure)
Confirm with . or Enter, or press ? or * to list all spells.
Aiming: Pain (safe; 4% risk of failure)
Press: ? - help, Shift-Dir - straight line, f/p - Edmund
Aim: Edmund, wielding a flail of crushing and wearing a chain mail (heavily wounded, chance to defeat MR: 66%) Edmund writhes in agony!
Edmund says, "People think my brother is the best.
I think he's crazy."
Edmund hits you with a flail of crushing.
You die...

##.....####.#.#..###.
#.............#.#....
#......###..#.#@####. #)#...##
#..#.#.####. #.##.##
##).#.#...>.. #.##.#
#...#.######. #.##.#
#.#..........
#.##.####.#...######.
#..<@@.......<# #.
####.###...#..# #.
##############.#######..######.
#..<....#...........#..........
#.####.##.####.####.##.########
#.# #..#.#.......#.##.# #.#
#.##.#.##.##.#.##.# #.#
#.##.#.#...#.#.##.# #.#
#........_........########


You could see Edmund.

Vanquished Creatures
  2 hounds (D:3)
  2 adders (D:2)
  An ooze (D:3)
  2 worms (D:2)
  A dart slug (D:1)
  A ball python (D:1)
  4 bats
  9 goblins
  5 hobgoblins
  A quokka (D:2)
  4 frilled lizards
  7 kobolds
  8 rats
47 creatures vanquished.

Vanquished Creatures (collateral kills)
  A frilled lizard (D:2)
  A kobold (D:2)
  A rat (D:2)
3 creatures vanquished.

Grand Total: 50 creatures vanquished

Notes
Turn   | Place    | Note
-------+----------+-------------------------------------------
     0 | D:1      | Usury the Ghoul Necromancer began the quest for the Orb.
     0 | D:1      | Reached XP level 1. HP: 14/14 MP: 2/2
   105 | D:1      | Reached XP level 2. HP: 22/22 MP: 0/3
   178 | D:1      | Learned a level 1 spell: Animate Skeleton
   841 | D:1      | Reached XP level 3. HP: 26/26 MP: 5/5
  1080 | D:2      | Reached skill level 1 in Unarmed Combat
  1125 | D:2      | Reached skill level 1 in Fighting
  1144 | D:2      | Found a sacrificial altar of Ru.
  1400 | D:2      | Reached skill level 1 in Armour
  1502 | D:2      | Reached XP level 4. HP: 20/35 MP: 0/6
  1966 | D:3      | Found a sacrificial altar of Ru.
  2154 | D:3      | Found a deep blue altar of Sif Muna.
  2604 | D:4      | Noticed Edmund
  2643 | D:3      | Reached XP level 5. HP: 8/41 MP: 0/7
  2650 | D:3      | HP: 2/41 [Edmund/flail of crushing (1)]
  2953 | D:3      | HP: 2/40 [Edmund/flail of crushing (3)]
  2993 | D:3      | Slain by Edmund

Skill      XL: |  1  2  3 |
---------------+----------+-----
Dodging        | 2 |  2.5
Spellcasting   | 2 |  2.4
Unarmed Combat | 1 |  1.7
Fighting       | 1 |  1.7
Armour         | 1 |  1.4
Stealth        | |  2.1
Necromancy     | |  4.4

Action                   |  1- 3 |  4- 6 || total
-------------------------+-------+-------++-------
Melee: Unarmed           |    93 |    76 ||   169
       Punch             |     1 |       ||     1
 Cast: Pain              |    25 |    39 ||    64
       Animate Skeleton  |    16 |     2 ||    18
  Use: Scroll            |       |     3 ||     3
       Potion            |       |     5 ||     5
 Stab: Sleeping          |     2 |     2 ||     4
  Eat: Chunk             |    14 |     6 ||    20
Armor: Robe              |    14 |    15 ||    29
Dodge: Dodged            |    56 |    63 ||   119
